 Dungeon Crawl Stone Soup version 0.22-b1-26-g9dbaab1 (webtiles) character file.

24 Goblin1989 the Chopper (level 3, -1/51 HPs)
             Began as a Naga Berserker on Aug 6, 2018.
             Was a Follower of Trog.
             Slain by a hobgoblin (3 damage)
             ... on level 1 of the Dungeon.
             The game lasted 00:01:02 (322 turns).

Goblin1989 the Chopper (Naga Berserker)              Turns: 322, Time: 00:01:03

Health: -1/51      AC:  2    Str: 25    XL:     3   Next: 2%
Magic:  3/3        EV: 10    Int:  7    God:    Trog [*.....]
Gold:   5          SH:  0    Dex: 10    Spells: 2/2 levels left

rFire    . . .     SeeInvis +   a - +0 hand axe
rCold    . . .     Gourm    .   (no shield)
rNeg     . . .     Faith    .   b - +0 animal skin
rPois    +         Spirit   .   (no helmet)
rElec    .         Reflect  .   (no cloak)
rCorr    .         Harm     .   (no gloves)
MR       .....                  (no barding)
Stlth    ..........             (no amulet)
HPRegen  0.17/turn              (no ring)
MPRegen  0.08/turn              (no ring)

@: berserking (expiring), quick
A: large, see invisible, deformed body, poison resistance, slowness 2, slow
metabolism 1, spit poison 1, AC +1
a: Spit Poison, Berserk, Renounce Religion


You were on level 1 of the Dungeon.
You worshipped Trog.
Trog was aware of your devotion.
You were not hungry.

You visited 1 branch of the dungeon, and saw 1 of its levels.

You collected 5 gold pieces.

Inventory:

Hand Weapons
 a - a +0 hand axe (weapon)
Armour
 b - a +0 animal skin (worn)
Potions
 f - a potion of curing {unknown}
Comestibles
 e - a ration
 g - 5 chunks of flesh


   Skills:
 - Level 3.0 Fighting
 + Level 4.1 Axes
 - Level 1.5 Armour
 - Level 1.5 Dodging


You had 2 spell levels left.
You didn't know any spells.
Your spell library was empty.

Dungeon Overview and Level Annotations

Branches:
Dungeon (1/15)

Altars:


Innate Abilities, Weirdness & Mutations

You cannot wear boots.
Your serpentine skin is tough. (AC +1)
You have supernaturally acute eyesight. (SInv)
Armour fits poorly on your strangely shaped body.
Your system is resistant to poisons. (rPois)
You cover ground very slowly.
You have a slow metabolism.
You can spit poison.


Message History

You can't see that place. [the floor.]
You can't see that place.
Okay, then.
Unknown command.
Press: ? - help, Shift-Dir - straight line, f - jackal
Aim: a jackal The splash of poison hits the jackal.
The jackal is poisoned.
You kill the jackal!
Trog accepts your kill.
You feel slightly more hungry. The jackal bites you.
* * * LOW HITPOINT WARNING * * *
You take 1 damage, and have 8/28 hp.
Unknown command.
Unknown command.
You are too injured to fight recklessly!
You are too injured to fight recklessly!
You completely miss the jackal. The jackal closely misses you.
You slash the jackal!
You kill the jackal!
Trog accepts your kill.
Your Axes skill increases to level 4!
You have got your breath back.
The jackal barely misses you.
You closely miss the jackal. The jackal barely misses you.
You hit the jackal.
The jackal is heavily wounded.
The jackal bites you.
* * * LOW HITPOINT WARNING * * *
The jackal barely misses you.
Press: ? - help, Shift-Dir - straight line, f - hobgoblin
Aim: a hobgoblin The splash of poison hits the jackal.
The jackal is poisoned.
You kill the jackal!
Trog accepts your kill.
You feel slightly more hungry.
You hit the frilled lizard.
You kill the frilled lizard!
Trog accepts your kill.
You hit the giant cockroach but do no damage.
The giant cockroach bites you.
* * * LOW HITPOINT WARNING * * *
The giant cockroach bites you.
* * * LOW HITPOINT WARNING * * *
You take 2 damage, and have 6/28 hp.
You barely miss the giant cockroach.
You have got your breath back.
The giant cockroach closely misses you.
Press: ? - help, Shift-Dir - straight line, f/p - hobgoblin
Aim: a hobgoblin The splash of poison misses the giant cockroach.
The splash of poison hits the hobgoblin.
The hobgoblin is moderately wounded.
You feel slightly more hungry. The giant cockroach bites you.
* * * LOW HITPOINT WARNING * * *
You take 1 damage, and have 5/28 hp.
You barely miss the giant cockroach. The giant cockroach bites you.
* * * LOW HITPOINT WARNING * * *
You take 1 damage, and have 4/28 hp.
A red film seems to cover your vision as you go berserk!
You feel yourself moving faster!
You feel mighty!
You feel a lot more hungry.
The giant cockroach bites you but does no damage.
The giant cockroach bites you.
* * * LOW HITPOINT WARNING * * *
You now have 4/42 hp.
You barely miss the giant cockroach. The giant cockroach bites you.
* * * LOW HITPOINT WARNING * * *
You take 1 damage, and have 3/42 hp.
You closely miss the giant cockroach. You slash the giant cockroach!
You kill the giant cockroach!
Trog accepts your kill.
You have reached level 3!
Your experience leads to an increase in your attributes!
Your base attributes are Str 19, Int 7, Dex 10.
Increase (S)trength, (I)ntelligence, or (D)exterity?
You feel stronger.
Your skin feels tougher.
MP restored: 3 You completely miss the hobgoblin.
The hobgoblin is moderately wounded.
You hit the hobgoblin.
The hobgoblin is almost dead.
You have got your breath back.
The hobgoblin hits you but does no damage.
You closely miss the hobgoblin.
The hobgoblin is almost dead.
The hobgoblin barely misses you.
A kobold comes into view.
You barely miss the hobgoblin.
The hobgoblin is almost dead.
The kobold shouts!
You closely miss the hobgoblin.
The hobgoblin is almost dead.
The hobgoblin hits you.
* * * LOW HITPOINT WARNING * * *
You take 3 damage, and have 2/51 hp.
You barely miss the hobgoblin.
The hobgoblin is almost dead.
The hobgoblin hits you.
You die...

....... ██
.......... .██ .
........... ..█ █
█.......... ..█ █
█..........███..████
█ █..
.......†........ █
█.█ ....g.....█....
████.███.███▲███g█ .
.█ ██.....▲


█@███ ..██ ██∆█.███████ █▲█...█ █... .∆.█.∆.....█ █...█.██... .█.█.█..<..█
█.███....█ .█.███..>..█ █.█ █....█ .█.█ █.....█ █.███....█ .▲.█ ▲.....█
█...█)...█ .█▲█ █████▲█ █▲█......█ .█ ███....█ You could see a hobgoblin.

Vanquished Creatures
  An ooze (D:1)
  A dart slug (D:1)
  2 giant cockroaches (D:1)
  A goblin (D:1)
  2 hobgoblins (D:1)
  4 jackals (D:1)
  A frilled lizard (D:1)
  2 kobolds (D:1)
  2 rats (D:1)
16 creatures vanquished.

Notes
Turn   | Place    | Note
-------+----------+-------------------------------------------
     0 | D:1      | Goblin1989 the Naga Berserker began the quest for the Orb.
     0 | D:1      | Reached XP level 1. HP: 21/21 MP: 1/1
   122 | D:1      | Reached XP level 2. HP: 20/28 MP: 2/2
   304 | D:1      | Reached skill level 4 in Axes
   316 | D:1      | Reached XP level 3. HP: 4/34 MP: 3/3
   321 | D:1      | HP: 2/51 [hobgoblin (3)]
   322 | D:1      | Slain by a hobgoblin

Skill      XL: |  1  2 |
---------------+-------+-----
Axes           | 4 |  4.1
Fighting       | |  3.0
Armour         | |  1.5
Dodging        | |  1.5

Action                   || total
-------------------------++-------
Melee: Hand axe          ||    37
Invok: Berserk           ||     1
 Abil: Spit Poison       ||     3
Armor: Animal skin       ||     3
Dodge: Dodged            ||    13

Vault maps used:
D:1:      shiori_arrival_maze
